[Event "Khanty-Mansiysk FIDE GP (Women)"]
[Site "Khanty-Mansiysk"]
[Date "2014.04.09"]
[Round "1"]
[White "Ushenina, Anna"]
[Black "Muminova, Nafisa"]
[Result "1-0"]
[ECO "E49"]
[WhiteElo "2501"]
[BlackElo "2321"]
[Annotator "ChessBase Website"]
[PlyCount "95"]
[EventDate "2014.04.09"]
[EventType "tourn"]
[EventRounds "11"]
[EventCountry "RUS"]
[EventCategory "10"]
[SourceTitle "CBM 160"]
[Source "ChessBase"]
[SourceDate "2014.05.15"]
[SourceVersion "1"]
[SourceVersionDate "2014.05.15"]
[SourceQuality "1"]
[TimeControl "40/5400+30:1800+30"]
[WhiteClock "1:30:00"]
[BlackClock "1:30:00"]

1. d4 Nf6 2. c4 e6 3. Nc3 Bb4 4. e3 O-O 5. Bd3 d5 6. a3 Bxc3+ 7. bxc3 c5 8.
cxd5 exd5 9. f3 b6 10. Ne2 Ba6 11. O-O Re8 12. Ng3 Bxd3 13. Qxd3 Nc6 14. Bb2 c4 15. Qd2 (15. Qe2 h5 16. Rae1 Ne7 17. e4 h4 18. Nh1 Ng6
19. Nf2 Nh5 {1/2-1/2 (19) Rakhmanov,A (2603)-Gonzalez Vidal,Y (2523) Panama
City 2013}) 15... b5 16. Rae1 a5 17. Qf2 $146 (17. e4 Qb6 18. Kh1 b4 19. e5 Nd7 20. f4
bxc3 21. Bxc3 Qb3 22. Ra1 Rab8 23. f5 f6 24. Nh5 fxe5 25. dxe5 Ndxe5 26. Qg5
Qb7 27. Nf6+ Kh8 28. Nxe8 Rxe8 29. Rae1 d4 30. Bxd4 h6 31. Qh5 Qb8 32. Bc3 Kh7
33. f6 Ng6 34. fxg7 Rxe1 35. Rxe1 Nce7 36. Qxa5 Qb7 37. Qb4 Qc7 38. Qb5 {
1-0 (38) Yakovich,Y (2549)-Frolochkin,V (2331) St Petersburg 2011}) 17... b4 18. e4 Rb8 19. e5 Nd7 20. f4 bxc3 21.
Bxc3 Rb3 22. Re3 Nc5 23.
dxc5 d4 24. Bxd4 Qxd4 25. Nf5 Qxc5 26. Rg3 Qxf2+ 27. Rxf2 Rxg3 28. hxg3 Rb8 {[%emt 0:08:54] Muminova's opening was
good and she had adequate counterplay. She made some strange decisions and
ended in a rook endgame down a pawn, but it was possible that she adequate
resources to draw the game. Unfortunately for her she missed some key White
pawn advances and she found herself helpless against Ushenina's passed e-pawn.}
29. Rc2 g6 30. Nd6 Nd4 31. Rxc4 Nb5 32. Nxb5 Rxb5 33. Rc8+ Kg7 34. Ra8 g5 35. Ra7 Kg6 36. Ra6+ Kg7 37. Kh2 Rc5 38. Ra7 Kg6 39. Ra6+ Kg7 40. Kh3 gxf4 41. gxf4 Rc3+ 42. Kg4 Rxa3 43. Ra7 Kg8 44. f5 Ra2 45. f6 h6 46. Ra8+ Kh7 47. e6 Kg6 48. e7 1-0